 Dungeon Crawl Stone Soup version 0.30.0-5-g1a98f26d00 (webtiles) character file.

Game seed: 13423276025416824421

40 Edyrem the Ducker (level 3, 0/29 HPs)
             Began as a Merfolk Gladiator on May 10, 2023.
             Was a Follower of Zin.
             Slain by Natasha (5 damage)
             ... on level 2 of the Dungeon.
             The game lasted 00:04:05 (1098 turns).

Edyrem the Ducker (Merfolk Gladiator)               Turns: 1098, Time: 00:04:06

Health: 0/29       AC:  6    Str: 16    XL:     3   Next: 50%
Magic:  3/3        EV: 12    Int:  7    God:    Zin [*.....]
Gold:   38         SH:  0    Dex: 15    Spells: 2/2 levels left

rFire   . . .        a - +0 trident
rCold   . . .        (no shield)
rNeg    . . .        i - +0 ring mail
rPois   .            c - +0 helmet
rElec   .            (no cloak)
rCorr   .            (no gloves)
SInv    .            (no boots)
Will    .....        (no amulet)
Stlth   +            (no ring)
HPRegen 0.24/turn    (no ring)
MPRegen 0.08/turn

%: no passive effects
@: slowed, very slow
A: (nimble swimmer 2), mertail
a: Renounce Religion, Recite, Donate Gold


You were on level 2 of the Dungeon.
You worshipped Zin.
Zin was aware of your devotion.
You visited 1 branch of the dungeon, and saw 2 of its levels.

You collected 42 gold pieces.
You donated 4 gold pieces to Zin.

Inventory:

Hand Weapons
 a - a +0 trident (weapon)
Missiles
 d - 3 throwing nets
 e - 5 javelins
 j - 4 poisoned darts (quivered)
Armour
 b - a +0 leather armour
 c - a +0 helmet (worn)
 i - a +0 ring mail (worn)
Scrolls
 g - 3 scrolls of identify {unknown}
 h - a scroll of teleportation {unknown}
 k - a scroll of noise {unknown}
 l - a scroll of amnesia {unknown}
 n - a scroll of vulnerability {unknown}
Potions
 f - a potion of heal wounds {@q1}
 m - a potion of mutation {unknown}
 o - a potion of invisibility {unknown}


   Skills:
 * Level 3.3 Fighting
 + Level 4.5 Polearms
 - Level 2.0 Throwing
 + Level 4.5 Dodging


You had 2 spell levels left.
You didn't know any spells.
Your spell library was empty.

Dungeon Overview and Level Annotations

Branches:
Dungeon (2/15)

Altars:
Zin

Annotations:
D:2 Natasha


Innate Abilities, Weirdness & Mutations

((You are very nimble when in or above water. (Stealth+, EV+, Speed+++)))
Your lower body shifts to a powerful aquatic tail in water.


Message History

The cerulean imp is moderately wounded.
The cerulean imp closely misses you. Natasha completely misses you.
The cerulean imp hits you with a +0 spear.
The cerulean imp barely misses you. Natasha completely misses you.
You are too injured to fight recklessly!
The cerulean imp hits you but does no damage.
The cerulean imp hits you from afar with a +2 spear.
Natasha claws you!
You closely miss Natasha. The cerulean imp barely misses you.
The cerulean imp hits you from afar with a +2 spear.
Natasha claws you.
* * * LOW HITPOINT WARNING * * *
Okay, then.
It was a potion of heal wounds.
You feel much better. The cerulean imp closely misses you. Natasha claws you.
The cerulean imp barely misses you.
You closely miss Natasha. The cerulean imp misses you.
The cerulean imp barely misses you. Natasha casts a spell at you.
The magic dart hits you!
You completely miss Natasha. Your punch misses Natasha.
The cerulean imp hits you with a +0 spear.
The cerulean imp hits you from afar with a +2 spear.
Natasha stares at you and mumbles some strange words.
You feel yourself slow down.
You hit Natasha.
Natasha is lightly wounded.
The cerulean imp hits you with a +0 spear.
The cerulean imp misses you. Natasha misses you. The cerulean imp misses you.
You miss Natasha.
Natasha is lightly wounded.
Natasha stares at you and mumbles some strange words.
The magic dart hits you.
The cerulean imp hits you from afar with a +2 spear.
* * * LOW HITPOINT WARNING * * *
The cerulean imp barely misses you.
Natasha howls an incantation.
Natasha's front paws start to glow.
Natasha claws you.
You die...

.. ####....####
##.####.......#
..........#####
#..(.....##
#.........#
##?......<.#
..........<#
#?........#
#......@..#
.......5h!.#
##.......5.#
#$........#
#.(.......#
#..........#
..#.....$.##
####.....##


You could see Natasha and 2 cerulean imps.

Vanquished Creatures
  A dart slug (D:2)
  2 endoplasms (D:1)
  2 giant cockroaches
  2 goblins (D:1)
  2 hobgoblins (D:1)
  3 jackals (D:1)
  5 quokkas
  4 ball pythons (D:1)
  3 bats (D:1)
  4 frilled lizards (D:1)
  4 kobolds (D:1)
  2 rats (D:1)
34 creatures vanquished.

Notes
Turn   | Place    | Note
-------+----------+-------------------------------------------
     0 | D:1      | Edyrem the Merfolk Gladiator began the quest for the Orb.
     0 | D:1      | Reached XP level 1. HP: 16/16 MP: 1/1
   159 | D:1      | Reached XP level 2. HP: 19/23 MP: 2/2
   503 | D:1      | Reached XP level 3. HP: 24/29 MP: 3/3
   749 | D:1      | Found a faded altar of an unknown god.
   857 | D:1      | Prayed at the altar of an unknown god.
   857 | D:1      | Became a worshipper of Zin the Law-Giver
   857 | D:1      | Reached * piety under Zin
  1084 | D:2      | Noticed Natasha
  1098 | D:2      | Slain by Natasha

Illustrated notes

Levels and vault maps discovered:
D:1:      dpeg_arrival_pond, layout_basic,
          shapermc_ecumenical_altar_mp_urbaneastern, st_stairs_8
D:2:      layout_rooms, serial_curves, eino_curves_02, eino_curves_03,
          uniq_natasha

Skill      XL: |  1  2 |
---------------+-------+-----
Fighting       | 3 |  3.3
Polearms       | |  4.5
Throwing       | |  2.0
Dodging        | |  4.5

Action                     || total
---------------------------++-------
  Melee: Trident           ||   116
  Throw: Dart              ||     3
    Use: Potion            ||     1
   Stab: Sleeping          ||     1
 Armour: Leather armour    ||     6
         Ring mail         ||    19
  Dodge: Dodged            ||    72
